 Dungeon Crawl Stone Soup version 0.31-a0-255-g9c3d1c461a (webtiles) character file.

Game seed: 11271109304839513848

56 qw the Shooter (level 3, -4/21 HPs)
             Began as a Gargoyle Hexslinger on July 12, 2023.
             Slain by a hound (5 damage)
             ... on level 3 of the Dungeon.
             The game lasted 00:00:51 (1572 turns).

qw the Shooter (Gargoyle Hexslinger)                Turns: 1572, Time: 00:00:52

Health: -4/21      AC:  9    Str: 11    XL:     3   Next: 95%
Magic:  4/4        EV: 10    Int: 13    God:
Gold:   91         SH:  0    Dex: 14    Spells: 3/4 levels left

rFire   . . .        Y - +1 sling
rCold   . . .        (no shield)
rNeg    + . .        f - +0 ring mail
rPois   inf          (no helmet)
rElec   +            b - +0 cloak
rCorr   .            (no gloves)
SInv    .            (no boots)
Will    .....        (no amulet)
Stlth   +            (no ring)
HPRegen 0.23/turn    (no ring)
MPRegen 0.09/turn

%: no passive effects
@: about to teleport
A: sickness immunity, AC +3, negative energy resistance 1, electricity
resistance, torment resistance 1, petrification resistance
a: no special abilities


You were on level 3 of the Dungeon.
You visited 1 branch of the dungeon, and saw 3 of its levels.

You collected 91 gold pieces.


Innate Abilities, Weirdness & Mutations

You are immune to sickness and miasma.
Your stone body is resilient. (AC +3)
You are immune to poison.
You resist negative energy. (rN+)
You are resistant to electric shocks. (rElec)
You are resistant to unholy torment.
You are immune to petrification.


   Skills:
 - Level 2.0 Fighting
 - Level 3.7 Ranged Weapons
 + Level 0.5 Armour
 - Level 1.5 Dodging
 - Level 1.0 Spellcasting
 - Level 2.6 Hexes


You had 3 spell levels left.
You knew the following spells:

 Your Spells              Type           Power      Damage    Failure   Level
a - Slow                  Hex            28%        N/A       22%         1

Your spell library contained the following spells:

 Spells                   Type           Power      Damage    Failure   Level
 Inner Flame              Hex/Fire       4%         N/A       75%         3
 Portal Projectile        Hex/Tloc       8%         N/A       75%         3
 Cause Fear               Hex            3%         N/A       92%         4

Inventory:

Hand Weapons
 Y - a +1 sling (weapon)
Armour
 b - a +0 cloak (worn)
 f - a +0 ring mail (worn)
Jewellery
 a - a +4 ring of protection
Scrolls
 c - a scroll of identify
 i - a scroll of vulnerability {unknown}
 j - a scroll of fog {unknown}
Potions
 d - a potion of enlightenment {unknown}
 e - a potion of degeneration {unknown}
 g - a potion of haste {unknown}

Dungeon Overview and Level Annotations

Branches:
Dungeon (3/15)

Altars:

Shops:
D:1 [


Message History

You shoot a sling bullet. The sling bullet misses the hound.
The hound bites you but does no damage. The frilled lizard barely misses you.
The endoplasm hits you but does no damage.
The hound pauses to sniff the ground.
The hound bites you but does no damage.
You shoot a sling bullet.
The sling bullet closely misses the hound.
The hound barely misses you.
The endoplasm hits you but does no damage.
The frilled lizard bites you. The hound bites you.
The frilled lizard bites you but does no damage.
The endoplasm barely misses you.
You shoot a sling bullet. The sling bullet hits the hound.
The hound is heavily wounded.
The hound closely misses you. The frilled lizard misses you.
The endoplasm freezes you.
You are frozen.
The hound barely misses you.
You shoot a sling bullet.
The sling bullet closely misses the hound.
The hound closely misses you. The frilled lizard barely misses you.
The endoplasm freezes you.
You are frozen.
The hound bites you.
1570 ||| READING scroll of teleportation.
As you read the scroll of teleportation, it crumbles to dust.
You feel strangely unstable. The hound closely misses you.
The endoplasm hits you but does no damage.
The frilled lizard closely misses you.
You shoot a sling bullet. The sling bullet hits the hound.
The hound is heavily wounded.
The hound completely misses you.
The endoplasm hits you but does no damage.
The frilled lizard closely misses you. The hound bites you but does no damage.
The frilled lizard bites you but does no damage.
The endoplasm freezes you.
You are frozen.
You shoot a sling bullet.
The sling bullet completely misses the hound.
The hound bites you.
You die...

....#####.##.#........
...## #..##.....#......
#### #..##....#.......
#..#.............
###................
#.........#........
#.......#..........
######.........#.J......
.....#.......##.@h......
............#####l......
.............####.......
....)...................
..............###.......
.............## .......
.............# #......
............## #.....
(..........##


You could see a hound, an endoplasm and a frilled lizard.

Vanquished Creatures
  3 dart slugs (D:1)
  3 endoplasms
  3 giant cockroaches (D:1)
  7 hobgoblins
  4 jackals
  7 ball pythons
  3 bats (D:1)
  4 frilled lizards
  7 goblins
  A kobold (D:2)
  4 rats
46 creatures vanquished.

Notes
Turn   | Place    | Note
-------+----------+-------------------------------------------
     0 | D:1      | qw the Gargoyle Hexslinger began the quest for the Orb.
     0 | D:1      | Reached XP level 1. HP: 12/12 MP: 2/2
     0 | D:1      | 0 ||| qw: Version: 0.3-a-52-g30416fa
     0 | D:1      | 0 ||| qw: Game counter: 6716
     0 | D:1      | 0 ||| qw: Melee chars always use a shield: true
     0 | D:1      | 0 ||| qw: God list: Okawaru
     0 | D:1      | 0 ||| qw: Allow faded altars: false
     0 | D:1      | 0 ||| qw: Do Orc after clearing Dungeon:15 true
     0 | D:1      | 0 ||| qw: Do second Lair branch before Depths: true
     0 | D:1      | 0 ||| qw: Lair rune preference: random
     0 | D:1      | 0 ||| qw: Goals: Normal
     0 | D:1      | 0 ||| PLANNING D:1-11
    59 | D:1      | Reached XP level 2. HP: 10/16 MP: 3/3
   199 | D:1      | Reached skill level 3 in Ranged Weapons
   353 | D:1      | Reached XP level 3. HP: 21/21 MP: 4/4
   584 | D:1      | Found Uhucli's Antique Armour Shop.
   593 | D:1      | 593 ||| SHOPLISTING helmet (121 gold, have 41).
   593 | D:1      | 593 ||| SHOPLISTING leather armour (54 gold, have 41).
   593 | D:1      | 593 ||| SHOPLISTING polished ring mail (243 gold, have 41).
   593 | D:1      | 593 ||| SHOPLISTING ring mail (108 gold, have 41).
   773 | D:1      | 773 ||| READING scroll labelled NUODDU EXANG.
   777 | D:1      | 777 ||| READING scroll labelled SYOSOI XELL.
   778 | D:1      | 778 ||| DROPPING scroll of poison.
  1220 | D:2      | 1220 ||| UPGRADING to +0 leather armour.
  1230 | D:2      | 1230 ||| UPGRADING to +0 cloak.
  1235 | D:2      | 1235 ||| DROPPING +0 robe.
  1236 | D:2      | 1236 ||| UPGRADING to +0 ring mail.
  1246 | D:2      | 1246 ||| DROPPING +0 leather armour.
  1247 | D:2      | 1247 ||| READING scroll labelled FEIT YBBAEDUE.
  1291 | D:2      | 1291 ||| STAIRDANCE
  1295 | D:2      | 1295 ||| STAIRDANCE
  1299 | D:2      | 1299 ||| STAIRDANCE
  1303 | D:2      | 1303 ||| STAIRDANCE
  1307 | D:2      | 1307 ||| STAIRDANCE
  1311 | D:2      | 1311 ||| STAIRDANCE
  1315 | D:2      | 1315 ||| STAIRDANCE
  1319 | D:2      | 1319 ||| STAIRDANCE
  1323 | D:2      | 1323 ||| STAIRDANCE
  1327 | D:2      | 1327 ||| STAIRDANCE
  1331 | D:2      | 1331 ||| STAIRDANCE
  1335 | D:2      | 1335 ||| STAIRDANCE
  1339 | D:2      | 1339 ||| STAIRDANCE
  1343 | D:2      | 1343 ||| STAIRDANCE
  1347 | D:2      | 1347 ||| STAIRDANCE
  1351 | D:2      | 1351 ||| STAIRDANCE
  1355 | D:2      | 1355 ||| STAIRDANCE
  1359 | D:2      | 1359 ||| STAIRDANCE
  1363 | D:2      | 1363 ||| STAIRDANCE
  1367 | D:2      | 1367 ||| STAIRDANCE
  1430 | D:2      | Found a faded altar of an unknown god.
  1569 | D:3      | HP: 3/21 [hound (4)]
  1570 | D:3      | 1570 ||| READING scroll of teleportation.
  1571 | D:3      | HP: 1/21 [frozen (2)]
  1572 | D:3      | Slain by a hound

Levels and vault maps discovered:
D:1:      minmay_arrival_four_loops, layout_basic, serial_shops, shop,
          kennysheep_flooded_box, minivault_26, grunt_decor_arrowhead,
          minmay_misc_feat_room
D:2:      layout_rooms, dreamdust_ecumenical_altar_hidden_monk_grotto
D:3:      layout_rooms

Skill      XL: |  1  2  3 |
---------------+----------+-----
Ranged Weapons | 3 |  3.7
Fighting       | 2 |  2.0
Armour         | |  0.5
Dodging        | |  1.5
Spellcasting   | |  1.0
Hexes          | |  2.6

Action                     || total
---------------------------++-------
   Fire: Sling             ||   145
    Use: Scroll            ||     4
 Armour: Robe              ||    23
         Ring mail         ||    16
  Dodge: Dodged            ||    58

Table legend:
 A = Non-vault XP
 B = Vault XP
 C = Vault XP percentage of total XP
 D = Non-vault monster count
 E = Vault monster count
 F = Vault count percentage of total count
                 A         B        C        D         E       F
            +---------+---------+-------+---------+---------+-------
      Total |      80 |       0 |   0.0 |      46 |       0 |   0.0
            +---------+---------+-------+---------+---------+-------
        D:1 |      50 |       0 |   0.0 |      28 |       0 |   0.0
        D:2 |      25 |       0 |   0.0 |      15 |       0 |   0.0
        D:3 |       5 |       0 |   0.0 |       3 |       0 |   0.0
            +---------+---------+-------+---------+---------+-------
